 Dungeon Crawl Stone Soup version 0.31-a0-858-g469dc525a8 (webtiles) character file.

Game seed: 12661656385453796276

155 BritishOli the Trooper (level 5, -1/42 HPs)
             Began as a Demonspawn Fighter on Oct 9, 2023.
             Slain by a gnoll bouda
             ... wielding a +0 club
              (6 damage)
             ... on level 3 of the Dungeon.
             The game lasted 00:01:18 (1404 turns).

BritishOli the Trooper (Demonspawn Fighter)         Turns: 1404, Time: 00:01:19

Health: -1/42      AC:  6    Str: 18    XL:     5   Next: 14%
Magic:  5/5        EV:  9    Int: 10    God:
Gold:   109        SH: 10    Dex: 12    Spells: 4/4 levels left

rFire   . . .        a - +0 war axe
rCold   . . .        c - +0 buckler
rNeg    . . .        b - +0 scale mail
rPois   .            (helmet restricted)
rElec   .            (no cloak)
rCorr   .            (no gloves)
SInv    .            (no boots)
Will    .....        (no amulet) Stlth
                     (no ring)
HPRegen 0.27/turn    (no ring)
MPRegen 0.09/turn

%: no passive effects
@: weakened
A: antennae 1, large bone plates 2
a: no special abilities


You were on level 3 of the Dungeon.
You visited 1 branch of the dungeon, and saw 3 of its levels.

You collected 109 gold pieces.

Inventory:

Hand Weapons
 a - a +0 war axe (weapon)
Armour
 b - a +0 scale mail (worn)
 c - a +0 buckler (worn)
Scrolls
 e - 2 scrolls of immolation {unknown}
 g - a scroll of fog {unknown}
 h - a scroll of identify {unknown}
 i - a scroll of noise {unknown}
 m - a scroll of vulnerability {unknown}
Potions
 d - a potion of might
 f - a potion of mutation {unknown}
 j - a potion of ambrosia {unknown}
 k - 2 potions of curing {unknown}
 l - a potion of resistance {unknown}
 n - a potion of enlightenment {unknown}


   Skills:
 + Level 3.9 Fighting
 + Level 2.8 Axes
 + Level 3.5 Armour
 + Level 3.5 Shields


You had 4 spell levels left.
You didn't know any spells.
Your spell library contained the following spells:

 Spells                   Type           Power      Damage    Failure   Level
 Kiss of Death            Conj/Necr      0%         2d5       83%         1
 Call Canine Familiar     Summ           0%         N/A       99%         3
 Confusing Touch          Hex            0%         N/A       99%         3
 Sigil of Binding         Hex            0%         N/A       99%         3
 Dimensional Bullseye     Hex/Tloc       0%         N/A       100%        4
 Dispel Undead            Necr           0%         3d6       100%        4
 Leda's Liquefaction      Hex/Erth       0%         N/A       100%        4


Dungeon Overview and Level Annotations

Branches:
Dungeon (3/15)

Altars:

Shops:
D:3 :


Innate Abilities, Weirdness & Mutations

You have a pair of small antennae on your head.
You are mostly covered in large bone plates. (SH +6)


Message History

You slash the orc!
You kill the orc!
You hit the orc. You block the orc's attack.
The orc hits you but does no damage.
You closely miss the orc.
The orc is severely wounded.
You closely miss the orc. The orc hits you but does no damage. x2
You block the gnoll bouda's attack.
You hit the gnoll bouda but do no damage.
You hit the orc but do no damage. x2; You barely miss the orc.
The orc hits you but does no damage. x2; You block the gnoll bouda's attack.
The orc hits you with a +0 club. The orc completely misses you.
You barely miss the gnoll bouda. You closely miss the orc.
You barely miss the orc. You completely miss the orc. You hit the orc.
You kill the orc!
The orc barely misses you. You block the orc's attack.
The gnoll bouda barely misses you. The orc hits you but does no damage.
You slash the gnoll bouda!
The gnoll bouda is almost dead.
You hit the orc but do no damage. You barely miss the orc. You slash the orc!
You kill the orc!
You block the orc's attack.
The gnoll bouda gazes fiercely through you!
You feel your attacks grow feeble. The gnoll bouda completely misses you.
You block the orc's attack. The orc barely misses you.
The gnoll bouda hits you with a +0 club.
* * * LOW HITPOINT WARNING * * *
You block the orc's attack.
You closely miss the gnoll bouda.
The gnoll bouda is almost dead.
You hit the orc. x2; You block the orc's attack.
The gnoll bouda closely misses you. You block the orc's attack.
You hit the gnoll bouda.
The gnoll bouda is almost dead.
You hit the orc. You barely miss the orc. The orc hits you with a +0 hand axe.
* * * LOW HITPOINT WARNING * * *
You block the orc's attack.
The gnoll bouda hits you with a +0 club.
You die...

################
......#....#....
......')oo.'....
......#)@g.#....
############''''##### g
#....................
###~~~~≈≈~~~~≈~....~~≈~~
≈≈≈≈~≈≈≈≈≈≈≈≈≈≈)...~≈≈≈≈
~~≈~≈~~~~≈~≈≈~†....~~~~~
.............†.........
#.####.#>#####..###.##
#...††.........## ..


You could see a gnoll bouda and 2 orcs.

Vanquished Creatures
  2 orc priests (D:3)
  An orc wizard (D:3)
  An adder (D:3)
  A worm (D:3)
  2 dart slugs
  7 orcs (D:3)
  4 ball pythons
  3 bats (D:1)
  5 endoplasms
  A giant cockroach (D:1)
  4 goblins
  3 hobgoblins
  4 jackals (D:3)
  2 kobolds
  A quokka (D:1)
  3 frilled lizards
  3 rats
47 creatures vanquished.

Notes
Turn   | Place    | Note
-------+----------+-------------------------------------------
     0 | D:1      | BritishOli the Demonspawn Fighter began the quest for the
                  | Orb.
     0 | D:1      | Reached XP level 1. HP: 18/18 MP: 1/1
   123 | D:1      | Gained mutation: You are partially covered in large bone
                  | plates. (SH +4) [demonic ancestry]
   123 | D:1      | Reached XP level 2. HP: 24/24 MP: 2/2
  1129 | D:3      | Found Roojapet's Book Emporium.
  1135 | D:3      | Reached XP level 3. HP: 27/29 MP: 3/3
  1142 | D:3      | Gained mutation: You are mostly covered in large bone
                  | plates. (SH +6) [demonic ancestry]
  1142 | D:3      | Reached XP level 4. HP: 22/36 MP: 4/4
  1346 | D:3      | Gained mutation: You have a pair of small antennae on your
                  | head. [demonic ancestry]
  1346 | D:3      | Reached XP level 5. HP: 38/42 MP: 5/5
  1404 | D:3      | Slain by a gnoll bouda

Illustrated notes

Levels and vault maps discovered:
D:1:      amcnicky_arrival_double_pillar, layout_loops_ring, st_stairs_6,
          fountainhead
D:2:      layout_basic
D:3:      lemuel_castle_with_subvaults [lemuel_castle_interior_carwin_1],
          layout_loops_ring, serial_shops, shop,
          shapermc_ecumenical_altar_rom_forum

Skill      XL: |  1  2 |
---------------+-------+-----
Axes           | 2 |  2.8
Armour         | 3 |  3.5
Shields        | 3 |  3.5
Fighting       | |  3.9

Action                     |  1- 3 |  4- 6 || total
---------------------------+-------+-------++-------
  Melee: War axe           |    71 |    61 ||   132
 Armour: Scale mail        |    45 |    45 ||    90
  Dodge: Dodged            |    27 |    37 ||    64
  Block: Buckler           |    28 |    59 ||    87

Table legend: (Time is in decaauts)
 A = Elapsed time spent in this place.
 B = Non-inter-level travel time spent in this place.
 C = Inter-level travel time spent in this place.
 D = Time resting spent in this place.
 E = Time spent auto-exploring this place.
 F = Levels seen in this place.
 G = Mean time per level.
                   A        B        C        D        E       F      G
               +--------+--------+--------+--------+--------+-----+--------+
         Total |   1460 |   1434 |     26 |      3 |   1112 |   3 |  486.7 |
       Dungeon |   1460 |   1434 |     26 |      3 |   1112 |   3 |  486.7 |
               +--------+--------+--------+--------+--------+-----+--------+

Top non-repeatable levels by time:
     D:1: 698 daAuts
     D:2: 457 daAuts
     D:3: 304 daAuts
